 Dungeon Crawl Stone Soup version 0.26-a0-665-gefeb406119 (webtiles) character file.

Game seed: 8537134105230595654

599 Elric the Spear-Bearer (level 7, -11/54 HPs)
             Began as a Merfolk Gladiator on Oct 14, 2020.
             Mangled by an ogre
             ... wielding a +0 giant club
              (13 damage)
             ... on level 4 of the Dungeon.
             The game lasted 00:07:58 (5190 turns).

Elric the Spear-Bearer (Merfolk Gladiator)          Turns: 5190, Time: 00:07:58

Health: -11/54     AC: 11    Str: 15    XL:     7   Next: 41%
Magic:  7/7        EV:  6    Int:  7    God:
Gold:   212        SH:  0    Dex: 17    Spells: 6/6 levels left

rFire    . . .     SeeInvis .   s - +0 scythe
rCold    . . .     Faith    .   (shield currently unavailable)
rNeg     . . .     Spirit   .   v - +0 plate armour
rPois    .         Reflect  .   u - +0 helmet
rElec    .         Harm     .   (no cloak)
rCorr    .         Rampage  .   (no gloves)
MR       .....                  (no boots)
Stlth    ..........             (no amulet)
HPRegen  0.18/turn              (no ring)
MPRegen  0.10/turn              (no ring)

@: lightly drained
A: change form in water, swift swim, stealthy swim
a: no special abilities


You were on level 4 of the Dungeon.
You visited 1 branch of the dungeon, and saw 4 of its levels.

You collected 212 gold pieces.

Inventory:

Hand Weapons
 a - a +0 trident
 s - a +0 scythe (weapon)
Missiles
 d - 3 throwing nets (quivered)
Armour
 u - a +0 helmet (worn)
 v - a +0 plate armour (worn)
Jewellery
 c - an uncursed ring of magical power {unknown}
 p - an uncursed ring of ice
Wands
 n - a wand of iceblast (8)
Scrolls
 b - a scroll of enchant armour {unknown}
 f - 5 scrolls of identify
 g - a scroll of magic mapping {unknown}
 k - 3 scrolls of blinking {unknown}
 l - 3 scrolls of remove curse {unknown}
 m - a scroll of teleportation {unknown}
 o - a scroll of fear {unknown}
 q - 2 scrolls of amnesia {unknown}
Potions
 e - 2 potions of heal wounds
 h - a potion of flight {unknown}
 i - 2 potions of curing {unknown}
 j - a potion of resistance {unknown}
 r - a potion of might {unknown}
 t - 2 potions of mutation {unknown}
 w - a potion of haste {unknown}


   Skills:
 - Level 4.0(3.8) Fighting
 + Level 9.6(9.4) Polearms
 - Level 2.0(1.8) Throwing
 - Level 1.1(0.9) Armour
 - Level 5.7(5.5) Dodging


You had 6 spell levels left.
You didn't know any spells.
Your spell library was empty.

Dungeon Overview and Level Annotations

Branches:
Dungeon (4/15)
 Temple: D:4-7

Altars:
Qazlal


Message History

The orc priest is almost dead.
The orc priest hits you but does no damage.
The orc priest looks braver for a moment.
You barely miss the orc priest.
The orc priest is almost dead.
The orc priest hits you but does no damage.
You hit the orc priest.
You kill the orc priest!
The ogre hits you with a +0 giant club!
* * * LOW HITPOINT WARNING * * *
It was a potion of heal wounds.
You feel much better.
You closely miss the ogre.
The ogre hits you with a +0 giant club!!
* * * LOW HITPOINT WARNING * * *
You hit the ogre.
The ogre is moderately wounded.
The ogre hits you with a +0 giant club!
* * * LOW HITPOINT WARNING * * *
The ogre hits you with a +0 giant club!
You die...

#... #..# ...
#..# #..# .. ...
#..# ....# #..#
....# #..#
....## #..#
..[..## #..##
......# ##..##
<......
##.@#####....$..
###Oo##.)......
##Z.).!.#####
########


You could see an ogre, an orc and a quokka skeleton.

Vanquished Creatures
  Sigmund (D:3)
  2 orc priests
  A hound (D:4)
  4 orc wizards
  Ijyb (D:4)
  Terence (D:2)
  Natasha (twice) (D:2)
  Robin (D:4)
  An adder (D:3)
  An ooze (D:3)
  2 worms (D:3)
  A dart slug (D:2)
  6 leopard geckos
  5 orcs (D:3)
  A ball python (D:3)
  4 giant cockroaches
  19 goblins
  10 hobgoblins
  8 jackals
  3 quokkas
  7 bats
  3 frilled lizards
  A giant cockroach zombie (D:3)
  2 jackal skeletons (D:4)
  8 kobolds
  4 rats
99 creatures vanquished.

Notes
Turn   | Place    | Note
-------+----------+-------------------------------------------
     0 | D:1      | Elric the Merfolk Gladiator began the quest for the Orb.
     0 | D:1      | Reached XP level 1. HP: 16/16 MP: 1/1
   222 | D:1      | Reached XP level 2. HP: 21/23 MP: 2/2
   421 | D:1      | Reached skill level 5 in Polearms
   914 | D:2      | Reached XP level 3. HP: 28/28 MP: 3/3
   923 | D:2      | Found a stormy altar of Qazlal.
   943 | D:2      | Found a faded altar of an unknown god.
  1177 | D:2      | Noticed Terence
  1186 | D:2      | Killed Terence
  1191 | D:2      | Reached XP level 4. HP: 12/34 MP: 4/4
  1429 | D:2      | Noticed Natasha
  1457 | D:2      | Killed Natasha
  1457 | D:2      | Reached skill level 6 in Polearms
  2007 | D:2      | Noticed Natasha
  2028 | D:2      | Killed Natasha
  2028 | D:2      | Reached skill level 5 in Dodging
  2028 | D:2      | Reached XP level 5. HP: 41/41 MP: 5/5
  2428 | D:3      | Noticed Sigmund
  2617 | D:3      | Found a stormy altar of Qazlal.
  2841 | D:3      | Reached skill level 7 in Polearms
  3308 | D:3      | Killed Sigmund
  3308 | D:3      | Reached skill level 1 in Armour
  3308 | D:3      | Reached XP level 6. HP: 35/48 MP: 6/6
  4040 | D:3      | Reached skill level 8 in Polearms
  4276 | D:4      | Noticed Robin
  4548 | D:4      | Killed Robin
  4558 | D:3      | Reached XP level 7. HP: 23/54 MP: 7/7
  5014 | D:4      | Reached skill level 9 in Polearms
  5064 | D:4      | Noticed Ijyb
  5081 | D:4      | Killed Ijyb
  5190 | D:4      | HP: 2/54 [ogre/+0 giant club (9)]
  5190 | D:4      | Mangled by an ogre

Illustrated notes

Levels and vault maps discovered:
D:1:      psy_arrival_radial02, layout_basic
D:2:      layout_loops_ring, chequers_ecumenical_altar_simple_redux,
          grunt_qazlal_sundering, uniq_natasha, uniq_terence
D:3:      layout_basic, overflow_temple_1_default, uniq_sigmund
D:4:      layout_layer_cave, uniq_ijyb, uniq_robin

Skill      XL: |  1  2  3  4  5  6  7 |
---------------+----------------------+-----
Polearms       | 5 6 7 8 9 |  9.6
Fighting       | 3 4 |  4.0
Dodging        | 5 |  5.7
Armour         | 1 |  1.1
Throwing       | |  2.0

Action                   |  1- 3 |  4- 6 |  7- 9 || total
-------------------------+-------+-------+-------++-------
Melee: Trident           |    99 |   161 |       ||   260
       Unarmed           |       |    16 |       ||    16
       Scythe            |       |   105 |    55 ||   160
  Use: Scroll            |       |       |     1 ||     1
       Potion            |       |       |     1 ||     1
Armor: Leather armour    |    10 |       |       ||    10
       Skin              |       |    15 |       ||    15
       Chain mail        |       |   184 |    13 ||   197
       Plate armour      |       |       |    30 ||    30
Dodge: Dodged            |    68 |   195 |    18 ||   281

Table legend: (Time is in decaauts)
 A = Elapsed time spent in this place.
 B = Non-inter-level travel time spent in this place.
 C = Inter-level travel time spent in this place.
 D = Time resting spent in this place.
 E = Time spent auto-exploring this place.
 F = Levels seen in this place.
 G = Mean time per level.
                   A        B        C        D        E       F      G
               +--------+--------+--------+--------+--------+-----+--------+
         Total |   5343 |   4984 |    359 |      0 |   4011 |   4 | 1335.8 |
       Dungeon |   5343 |   4984 |    359 |      0 |   4011 |   4 | 1335.8 |
               +--------+--------+--------+--------+--------+-----+--------+

Top non-repeatable levels by time:
     D:3: 2217 daAuts
     D:2: 1867 daAuts
     D:1: 827 daAuts
     D:4: 430 daAuts
